 Dungeon Crawl Stone Soup version 0.29-a0-317-gd16b76e6b1 (webtiles) character file.

Game seed: 6025154732946332689

4 Dabor the Insei (level 1, 0/15 HPs)
             Began as a Demonspawn Transmuter on Apr 1, 2022.
             Constricted to death by a ball python (1 damage)
             ... on level 1 of the Dungeon.
             The game lasted 00:00:09 (117 turns).

Dabor the Insei (Demonspawn Transmuter)              Turns: 117, Time: 00:00:10

Health: 0/15       AC:  2    Str: 10    XL:     1   Next: 58%
Magic:  2/3        EV:  9    Int: 14    God:
Gold:   14         SH:  0    Dex: 13    Spells: 3/4 levels left

rFire   . . .      SeeInvis .     - Unarmed
rCold   . . .      Faith    .   (no shield)
rNeg    . . .      Spirit   .   a - +0 robe
rPois   .          Reflect  .   (helmet currently unavailable)
rElec   .          Harm     .   (no cloak)
rCorr   .          Rampage  .   (no gloves)
Will    .....                   (boots currently unavailable)
Stlth   +.........              (no amulet)
HPRegen 0.05/turn               (no ring)
MPRegen 0.08/turn               (no ring)

@: appendages (expiring), constricted
A: horns 2, talons 2
a: End Transformation


You were on level 1 of the Dungeon.
You had temporarily grown beastly horns and talons.
You visited 1 branch of the dungeon, and saw 1 of its levels.

You collected 14 gold pieces.

Inventory:

Armour
 a - a +0 robe (worn)
Scrolls
 c - a scroll of identify {unknown}
Potions
 b - a potion of lignification


   Skills:
 + Level 1.1 Fighting
 + Level 1.8 Dodging
 + Level 2.7 Unarmed Combat
 + Level 2.0 Spellcasting
 + Level 1.8 Transmutations


You had 3 spell levels left.
You knew the following spells:

 Your Spells              Type           Power      Damage    Failure   Level
a - Beastly Appendage     Tmut           12%        N/A       11%         1

Your spell library contained the following spells:

 Spells                   Type           Power      Damage    Failure   Level
 Wereblood                Tmut           6%         N/A       17%         2
 Spider Form              Tmut/Pois      4%         N/A       43%         3
 Ice Form                 Ice/Tmut       4%         N/A       85%         4


Dungeon Overview and Level Annotations

Branches:
Dungeon (1/15)

Altars:


Innate Abilities, Weirdness & Mutations

You have temporarily grown beastly horns and talons.


Message History

A goblin is nearby!
You grow a pair of large bovine horns.
Your feet morph into talons.
The goblin shouts!
Found a pair of gloves.
A ball python comes into view.
You barely miss the goblin.
The ball python hisses angrily.
Your kick misses the goblin. The goblin barely misses you.
You miss the goblin. Your kick misses the goblin.
The goblin closely misses you.
You barely miss the goblin. Your headbutt misses the goblin.
Your transformation is almost over.
The goblin hits you with a +0 dagger.
You barely miss the goblin. Your kick misses the goblin.
Your headbutt misses the goblin. The goblin closely misses you.
You hit the goblin but do no damage. Your kick misses the goblin.
You headbutt the goblin.
The goblin is almost dead.
The ball python bites you. The ball python closely misses you.
The goblin hits you with a +0 dagger.
You hit the goblin.
You kill the goblin!
The ball python bites you. The ball python grabs you.
The ball python constricts you.
You are too injured to fight recklessly!
You are too injured to fight recklessly!
You are too injured to fight recklessly!
You are too injured to fight recklessly!
You hit the ball python but do no damage.
The ball python closely misses you. The ball python constricts you.
* * * LOW HITPOINT WARNING * * *
The ball python bites you.
* * * LOW HITPOINT WARNING * * *
The ball python constricts you.
You hit the ball python.
The ball python is heavily wounded.
The ball python bites you.
* * * LOW HITPOINT WARNING * * *
The ball python constricts you.
You die...

.............
.....#######
#######+###
.....######
#[.........
...)......#
#..........
..........#
#..........
..........#
#..........
..........#
#..........
....).....#
#..).......
##........#
#..@S......
#.##.###.#
#..........
#.##.#
#.####..........
#.##.#
#.......$.......
#.##.#
################
#.##.# #.##.#
#.##.# .....#


You could see a ball python.

Vanquished Creatures
  An endoplasm (D:1)
  2 goblins (D:1)
  A rat (D:1)
4 creatures vanquished.

Notes
Turn   | Place    | Note
-------+----------+-------------------------------------------
     0 | D:1      | Dabor the Demonspawn Transmuter began the quest for the
                  | Orb.
     0 | D:1      | Reached XP level 1. HP: 15/15 MP: 3/3
   117 | D:1      | Constricted to death by a ball python

Illustrated notes

Levels and vault maps discovered:
D:1:      dpeg_arrival_stonehenge_12_columns, layout_basic,
          ebering_ecumenical_altar_ruins

Action                   || total
-------------------------++-------
Melee: Unarmed           ||    16
       Headbutt          ||     1
       Punch             ||     1
 Cast: Beastly Appendage ||     2
Armor: Robe              ||     1
Dodge: Dodged            ||     8

Table legend: (Time is in decaauts)
 A = Elapsed time spent in this place.
 B = Non-inter-level travel time spent in this place.
 C = Inter-level travel time spent in this place.
 D = Time resting spent in this place.
 E = Time spent auto-exploring this place.
 F = Levels seen in this place.
 G = Mean time per level.
                   A        B        C        D        E       F      G
               +--------+--------+--------+--------+--------+-----+--------+
         Total |    116 |    116 |      0 |      0 |     84 |   1 |  116.0 |
       Dungeon |    116 |    116 |      0 |      0 |     84 |   1 |  116.0 |
               +--------+--------+--------+--------+--------+-----+--------+

Top non-repeatable levels by time:
     D:1: 116 daAuts
